 Dungeon Sprint DCSS version 0.30-a0-51-g784eafce7f (webtiles) character file.

Game seed: 2903989108233603293

529 Ankalagon the Covert (level 6, 0/51 HPs)
             Began as a Demigod Enchanter on Sept 5, 2022.
             Slain by a vampire mosquito (6 damage)
             ... in the Dungeon (Sprint II: "The Violet Keep of Menkaure").
             The game lasted 00:02:55 (396 turns).

Ankalagon the Covert (Demigod Enchanter)             Turns: 396, Time: 00:02:56

Health: 0/51       AC:  2    Str:  9    XL:     6   Next: 72%
Magic:  16/18      EV: 12    Int: 17    God:
Gold:   486        SH:  0    Dex: 22    Spells: 5/16 levels left

rFire   . . .      SeeInvis .    a - +1 dagger
rCold   . . .      Faith    .    (no shield)
rNeg    . . .      Spirit   .    b - +0 robe
rPois   .          Reflect  .    (no helmet)
rElec   .          Harm     .    (no cloak)
rCorr   .          Rampage  .    (no gloves)
Will    .....      NoTele   +    (no boots)
Stlth   +++++.....               (no amulet)
HPRegen 0.17/turn                (no ring)
MPRegen 0.16/turn                (no ring)

@: confusing by touch
A: high MP 1, forlorn, divine attributes
a: no special abilities


You were in the Dungeon.
You visited 1 branch You collected 486 gold pieces.

Inventory:

Hand Weapons
 a - a +1 dagger (weapon)
Armour
 b - a +0 robe (worn)
Scrolls
 i - a scroll of blinking
Potions
 c - a potion of invisibility
 d - a potion of curing
 f - a potion of haste
 g - 2 potions of magic


   Skills:
 + Level 3.4 Fighting
 + Level 6.1 Short Blades
 - Level 1.7 Dodging
 + Level 9.1 Stealth
 + Level 5.9 Spellcasting
 + Level 6.7 Hexes


You had 5 spell levels left.
You knew the following spells:

 Your Spells              Type           Power      Damage    Failure   Level
d - Dazzling Flash        Conj/Hex       32%        N/A       10%         3
e - Confusing Touch       Hex            28%        N/A       2%          3
g - Tukima's Dance        Hex            28%        N/A       2%          3
r - Ensorcelled Hibernat  Hex/Ice        32%        N/A       4%          2

Your spell library contained the following spells:

 Spells                   Type           Power      Damage    Failure   Level


Dungeon Overview and Level Annotations

Branches:
Dungeon (1/1)

Shops:
D ([[[!

Annotations:
D Menkaure, Roxanne


Innate Abilities, Weirdness & Mutations

You have an increased reservoir of magic. (+10% MP)
You shall have no god before yourself.
Your divine heritage dramatically boosts your attributes as you level up.


Message History

The vampire mosquito barely misses you.
Menkaure, Prince of Dust comes into view.
Unknown command.
The vampire mosquito misses you. The vampire mosquito bites you.
The vampire mosquito draws strength from your injuries!
The vampire mosquito barely misses you. The vampire mosquito bites you.
The vampire mosquito draws strength from your injuries!
Press: ? - help, v - describe, . - travel
Here: a vampire mosquito Some shallow water.
Unknown command.
Unknown command.
Unknown command.
Cast which spell? (? or * to list)
You can't see any susceptible monsters within range! (Use Z to cast anyway.) Unknown command.
Cast which spell? (? or * to list)
Your hands begin to glow red.
The vampire mosquito bites you!
The vampire mosquito draws strength from your injuries!
The vampire mosquito barely misses you.
Your unstable footing causes you to fumble your attack.
The vampire mosquito closely misses you.
Your unstable footing causes you to fumble your attack.
The vampire mosquito bites you.
The vampire mosquito draws strength from your injuries!
The vampire mosquito bites you!
* * * LOW HITPOINT WARNING * * *
The vampire mosquito draws strength from your injuries!
Okay, then.
Unknown command.
The vampire mosquito completely misses you.
The vampire mosquito closely misses you.
The vampire mosquito bites you.
* * * LOW HITPOINT WARNING * * *
The vampire mosquito draws strength from your injuries!
The vampire mosquito bites you.
* * * LOW HITPOINT WARNING * * *
The vampire mosquito draws strength from your injuries!
The vampire mosquito bites you.
You die...

.∩.M ##. #'#
....# #..B##.###
...∩' #+.<.+#
....#~#$B.##.##.#
###~##. ##'## 3#
#~~####.#.## #
#~~~#.###.# ~
#'#~##.#.## §~~
#$#~~##@##~~~≈§
####~~y~~~~~~§§
#+++#+++#~≈≈
#§..§~~§#
#..§~~.~§~#
'°~~~~8~~~.~+
°##.~~~§.~§~## .
##.§..§.~##
####+####


You could see Roxanne and a vampire mosquito.

Vanquished Creatures
  2 wyverns (D)
  4 scorpions (D)
6 creatures vanquished.

Vanquished Creatures (others)
  A water moccasin (D)
1 creature vanquished.

Grand Total: 7 creatures vanquished

Notes
Turn   | Place    | Note
-------+----------+-------------------------------------------
     0 | D        | Ankalagon the Demigod Enchanter began the quest for the
                  | Orb.
     0 | D        | Reached XP level 1. HP: 14/14 MP: 5/5
     1 | D        | Noticed a scorpion
     1 | D        | Noticed a scorpion
    10 | D        | Killed a scorpion
    11 | D        | Reached skill level 5 in Stealth
    11 | D        | Reached XP level 2. HP: 14/20 MP: 5/8
    11 | D        | Reached XP level 3. HP: 19/26 MP: 6/10
    12 | D        | Noticed a scorpion
    12 | D        | Noticed a scorpion
    18 | D        | Killed a scorpion
    19 | D        | Reached skill level 6 in Stealth
    19 | D        | Reached XP level 4. HP: 11/33 MP: 6/12
    33 | D        | Reached skill level 7 in Stealth
    33 | D        | Reached skill level 5 in Hexes
    33 | D        | Reached XP level 5. HP: 30/38 MP: 8/14
    56 | D        | Killed a water moccasin
   179 | D        | Reached skill level 8 in Stealth
   215 | D        | Learned a level 3 spell: Confusing Touch
   219 | D        | Learned a level 3 spell: Tukima's Dance
   223 | D        | Learned a level 2 spell: Ensorcelled Hibernation
   311 | D        | Learned a level 3 spell: Dazzling Flash
   351 | D        | Noticed a boulder beetle
   351 | D        | Noticed a boulder beetle
   355 | D        | Noticed a neqoxec
   358 | D        | Noticed a wyvern
   358 | D        | Noticed a wyvern
   361 | D        | Killed a wyvern
   362 | D        | Reached skill level 5 in Short Blades
   362 | D        | Reached skill level 5 in Spellcasting
   362 | D        | Reached XP level 6. HP: 50/50 MP: 15/17
   364 | D        | Killed a wyvern
   365 | D        | Reached skill level 9 in Stealth
   378 | D        | Noticed Roxanne
   385 | D        | Found Riylatup's Distillery.
   387 | D        | Found Touwetie's Antique Armour Shoppe.
   387 | D        | Found Cutetoag's Antique Armour Emporium.
   388 | D        | Found Ihuvup's Antique Armour Emporium.
   388 | D        | Found Qidanam's Antique Weapon Shoppe.
   388 | D        | Noticed a vampire mosquito
   388 | D        | Noticed Menkaure
   396 | D        | Slain by a vampire mosquito

Illustrated notes

Levels and vault maps discovered:
D:        the_violet_keep_of_menkaure [sprint2_stairs_cluster_1,
          sprint2_shoproom, sprint2_temple, sprint2_basic_supplies,
          sprint2_obstacle_6, sprint2_obstacle_7, sprint2_obstacle_4,
          sprint2_obstacle_3, sprint2_obstacle_5, sprint2_timed_cluster_1,
          sprint2_smallroom_cluster_1, sprint2_smallroom_final_cluster_1,
          sprint2_transparent_cluster_1, sprint2_second_timed_cluster_1,
          sprint2_sniper_area_1, sprint2_heavy_combat_area_1,
          sprint2_mutation_trap_area_1, sprint2_forest_area_1,
          sprint2_light_combat_area_1, sprint2_behind_water_1,
          sprint2_near_end_vault_1]

Skill      XL: |  1  2  3  4  5  6 |
---------------+-------------------+-----
Short Blades   | 3 4 5 6 |  6.1
Stealth        | 5 6 7 8 9 |  9.1
Spellcasting   | 3 4 5 |  5.9
Hexes          | 4 5 6 |  6.7
Fighting       | 2 3 |  3.4
Dodging        | |  1.7

Action                   |  1- 3 |  4- 6 || total
-------------------------+-------+-------++-------
Melee: Dagger            |    12 |    21 ||    33
 Cast: Confusing Touch   |       |     1 ||     1
  Use: Potion            |     1 |     2 ||     3
 Stab: Invisible         |     3 |     1 ||     4
       Sleeping          |       |     2 ||     2
Armor: Robe              |       |     1 ||     1
Dodge: Dodged            |     8 |    16 ||    24

Table legend: (Time is in decaauts)
 A = Elapsed time spent in this place.
 B = Non-inter-level travel time spent in this place.
 C = Inter-level travel time spent in this place.
 D = Time resting spent in this place.
 E = Time spent auto-exploring this place.
 F = Levels seen in this place.
 G = Mean time per level.
                   A        B        C        D        E       F      G
               +--------+--------+--------+--------+--------+-----+--------+
         Total |    408 |    408 |      0 |    295 |      0 |   1 |  408.0 |
       Dungeon |    408 |    408 |      0 |    295 |      0 |   1 |  408.0 |
               +--------+--------+--------+--------+--------+-----+--------+

Top non-repeatable levels by time:
       D: 408 daAuts
